 Dungeon Crawl Stone Soup version 0.31.0-11-ge490571c62 (webtiles) character file.

Game seed: 2983470364082777319

293 qw the Shooter (level 6, -4/30 HPs)
             Began as a Spriggan Hunter on Feb 5, 2024.
             Slain by a gnoll
             ... wielding a +0 spear
             ... led by a gnoll sergeant
              (6 damage)
             ... on level 5 of the Dungeon.
             The game lasted 00:00:58 (2712 turns).

qw the Shooter (Spriggan Hunter)                    Turns: 2712, Time: 00:00:58

Health: -4/30      AC:  2    Str:  7    XL:     6   Next: 11%
Magic:  7/7        EV: 21    Int: 10    God:
Gold:   0          SH:  0    Dex: 21    Spells: 5/5 levels left

rFire   . . .        a - +1 shortbow (elec)
rCold   . . .        (shield currently unavailable)
rNeg    . . .        c - +0 robe
rPois   .            (helmet restricted)
rElec   .            (no cloak)
rCorr   .            (gloves unavailable)
SInv    +            (boots unavailable)
Will    +....        (no amulet)
Stlth   ++           (no ring)
HPRegen 0.25/turn    (no ring)
MPRegen 0.10/turn

%: no passive effects
@: very quick
A: very small, no large weapons, unfitting armour, see invisible, speed 3
a: no special abilities


You were on level 5 of the Dungeon.
You visited 1 branch of the dungeon, and saw 5 of its levels.

You collected 208 gold pieces.
You spent 208 gold pieces at shops.


Innate Abilities, Weirdness & Mutations

You are very small and have problems with some larger weapons.
You are too small for most types of armour.
You have supernaturally acute eyesight. (SInv)
You cover ground extremely quickly. (Speed+++)


   Skills:
 - Level 2.2 Fighting
 - Level 6.0 Ranged Weapons
 + Level 5.7 Dodging
 - Level 1.5 Stealth


You had 5 spell levels left.
You didn't know any spells.
Your spell library was empty.

Inventory:

Hand Weapons
 a - a +1 shortbow of electrocution (weapon)
Armour
 c - a +0 robe (worn)
Wands
 g - a wand of iceblast (10)
Scrolls
 j - 2 scrolls of teleportation
Potions
 b - 3 potions of curing
 d - 4 potions of heal wounds
 e - 2 potions of resistance
 h - a potion of haste
 i - a potion of invisibility {unknown}
 k - a potion of lignification {unknown}
 l - a potion of berserk rage {unknown}
 m - a potion of attraction {unknown}

Dungeon Overview and Level Annotations

Branches:
Dungeon (5/15)
 Temple: D:4-7

Altars:
Dithmenos
Fedhas
Gozag
Vehumet

Shops:
D:4 !

Annotations:
D:3 exclusion: statue


Message History

You shoot an arrow. The arrow closely misses the gnoll.
You shoot an arrow. The arrow hits the gnoll.
Lightning courses through the gnoll!!
You kill the gnoll!
You shoot an arrow. The arrow hits the gnoll sergeant.
The gnoll sergeant is lightly wounded.
A gnoll comes into view. It is wielding a +0 spear.
You shoot an arrow. The gnoll shouts!
The arrow hits the gnoll sergeant but does no damage.
The gnoll sergeant is lightly wounded.
You shoot an arrow. The arrow hits the gnoll sergeant.
The gnoll sergeant is lightly wounded.
You shoot an arrow. The arrow hits the gnoll sergeant!
Lightning courses through the gnoll sergeant!
The gnoll sergeant is almost dead.
The gnoll sergeant hits you from afar with a +0 spear!
You shoot an arrow.
The arrow closely misses the gnoll sergeant.
The gnoll sergeant completely misses you.
You shoot an arrow. The arrow hits the gnoll sergeant.
The gnoll sergeant is almost dead.
The gnoll sergeant misses you.
You shoot an arrow. The arrow barely misses the gnoll.
The arrow hits the gnoll but does no damage.
Lightning courses through the gnoll!
The gnoll is almost dead.
The gnoll sergeant hits you from afar with a +0 spear!
The gnoll misses you.
You shoot an arrow. The arrow hits the gnoll.
The gnoll is moderately wounded.
The gnoll sergeant misses you. The gnoll misses you.
The gnoll closely misses you.
You shoot an arrow. The arrow closely misses the gnoll.
The gnoll sergeant barely misses you. The gnoll closely misses you. x2
You shoot an arrow. The arrow hits the gnoll.
The gnoll is heavily wounded.
The gnoll sergeant hits you from afar with a +0 spear!
The gnoll hits you from afar with a +0 spear.
You die...

.#.#....###
..........#
...###+###.###
..... #...#
...#.###.###.#.#
#+##.###_..'...#
###.###...#
#...# #@..#
...).g.g#.#
.####g##.... ...
...... ..#
......# ....
......# ...
#+##### ..


You could see a gnoll sergeant and 2 gnolls.

Vanquished Creatures
  An ogre (D:4)
  A howler monkey (D:4)
  A hound (D:4)
  A gnoll (D:5)
  4 adders
  A shadow imp (D:5)
  A ribbon worm (D:2)
  4 orcs
  7 ball pythons
  8 bats
  9 endoplasms
  5 giant cockroaches
  6 goblins
  5 hobgoblins
  4 jackals (D:1)
  8 kobolds
  2 quokkas
  5 frilled lizards
  5 rats
78 creatures vanquished.

Notes
Turn   | Place    | Note
-------+----------+-------------------------------------------
     0 | D:1      | qw the Spriggan Hunter began the quest for the Orb.
     0 | D:1      | Reached XP level 1. HP: 10/10 MP: 2/2
     0 | D:1      | 0 ||| qw: Version: 0.3-a-160-g6735b56
     0 | D:1      | 0 ||| qw: Game counter: 6478
     0 | D:1      | 0 ||| qw: Melee chars always use a shield: true
     0 | D:1      | 0 ||| qw: God list: Okawaru
     0 | D:1      | 0 ||| qw: Allow faded altars: false
     0 | D:1      | 0 ||| qw: Do Orc after clearing Dungeon:15 true
     0 | D:1      | 0 ||| qw: Do second Lair branch before Depths: true
     0 | D:1      | 0 ||| qw: Lair rune preference: random
     0 | D:1      | 0 ||| qw: Goals: Normal
     0 | D:1      | 0 ||| PLANNING D:1-11
    27 | D:1      | Reached skill level 3 in Dodging
    80 | D:1      | Reached XP level 2. HP: 14/14 MP: 3/3
   168 | D:1      | Found a faded altar of an unknown god.
   683 | D:1      | 683 ||| READING scroll labelled VYDDYO GYSA.
   684 | D:1      | 684 ||| READING scroll labelled OPHEANK TABO.
   685 | D:1      | 685 ||| READING scroll labelled EWKEPHIOCA.
   685 | D:1      | 685 ||| BRANDING +0 shortbow.
   686 | D:1      | 686 ||| READING 2 scrolls labelled XOVOUKLI QACUXE.
   690 | D:1      | 690 ||| READING 2 scrolls labelled JIOSMARGHUM.
   690 | D:1      | 690 ||| IDENTIFYING fuming red potion
   691 | D:1      | 691 ||| READING scroll of identify.
   691 | D:1      | 691 ||| IDENTIFYING bubbling purple potion
   692 | D:1      | 692 ||| DROPPING scroll of butterflies.
   780 | D:2      | Reached XP level 3. HP: 18/18 MP: 4/4
  1025 | D:2      | Identified the +9 short sword of the Curious Cities {elec,
                  | rC++}
  1185 | D:2      | 1185 ||| READING scroll labelled QELLAG HYARUO.
  1186 | D:2      | 1186 ||| READING scroll labelled GOZIMN KO MAKHUPO.
  1188 | D:2      | 1188 ||| Stepping ~*~*~tactically~*~*~ (cloud).
  1189 | D:2      | 1189 ||| DRINKING potion of curing.
  1189 | D:2      | 1189 ||| (to cure poison)
  1199 | D:2      | 1199 ||| Stepping ~*~*~tactically~*~*~ (cloud).
  1313 | D:3      | Found a shadowy altar of Dithmenos.
  1621 | D:3      | Reached skill level 5 in Ranged Weapons
  1640 | D:3      | Reached XP level 4. HP: 22/22 MP: 5/5
  1739 | D:3      | Found a radiant altar of Vehumet.
  1739 | D:3      | Noticed a charred statue
  2022 | D:3      | 2022 ||| READING scroll of identify.
  2022 | D:3      | 2022 ||| IDENTIFYING bubbling amethyst potion
  2023 | D:3      | 2023 ||| READING scroll labelled TICHIN YRO.
  2024 | D:3      | 2024 ||| READING scroll labelled OMAGAS JOASIAGEL.
  2024 | D:3      | 2024 ||| ENCHANTING +0 shortbow of electrocution.
  2044 | D:4      | 2044 ||| STAIRDANCE
  2092 | D:4      | 2092 ||| STAIRDANCE
  2104 | D:4      | 2104 ||| STAIRDANCE
  2171 | D:4      | Found a blossoming altar of Fedhas.
  2224 | D:4      | Reached XP level 5. HP: 10/26 MP: 6/6
  2232 | D:4      | 2232 ||| FLEEEEING.
  2244 | D:4      | 2244 ||| FLEEEEING.
  2318 | D:4      | Noticed an ogre
  2320 | D:4      | 2320 ||| ZAPPING wand of iceblast (11) at 0,-5 (ogre;
                  | floor).
  2320 | D:4      | Killed an ogre
  2411 | D:4      | Reached skill level 6 in Ranged Weapons
  2451 | D:4      | Found Aphezxuq's Distillery.
  2456 | D:4      | Reached XP level 6. HP: 30/30 MP: 7/7
  2456 | D:4      | Found Jesch's Armour Emporium.
  2460 | D:4      | 2460 ||| BUYING 2 potions of heal wounds (130 gold).
  2460 | D:4      | Bought 2 potions of heal wounds for 130 gold pieces
  2460 | D:4      | 2460 ||| BUYING potion of curing (39 gold).
  2460 | D:4      | Bought a potion of curing for 39 gold pieces
  2460 | D:4      | 2460 ||| BUYING potion of curing (39 gold).
  2460 | D:4      | Bought a potion of curing for 39 gold pieces
  2460 | D:4      | 2460 ||| SHOPLISTING potion of enlightenment (65 gold, have
                  | 0).
  2460 | D:4      | 2460 ||| SHOPLISTING potion of heal wounds (65 gold, have
                  | 0).
  2647 | D:4      | 2647 ||| READING scroll of identify.
  2647 | D:4      | 2647 ||| IDENTIFYING fizzy dark potion
  2679 | D:5      | Entered Level 5 of the Dungeon
  2695 | D:5      | Found an opulent altar of Gozag.
  2712 | D:5      | HP: 2/30 [gnoll sergeant/+0 spear (9)]
  2712 | D:5      | Slain by a gnoll

Levels and vault maps discovered:
D:1:      dpeg_arrival_rooms_b, layout_loops_ring,
          hellmonk_ecumenical_altar_arch_garden, nicolae_eternal_life
D:2:      layout_rooms
D:3:      minmay_diamond_boxcup, layout_basic, vehumet_statue,
          nicolae_dithmenos_through_a_glass_darkly, minmay_box_of_dots
D:4:      layout_rooms, fedhas_altar_2, st_stairs_8, nicolae_wooded_promenade
D:5:      layout_basic, lemuel_doored_altar

Skill      XL: |  1  2  3  4  5 |
---------------+----------------+-----
Dodging        | 3 4 5 |  5.7
Ranged Weapons | 5 6 |  6.0
Fighting       | 2 |  2.2
Stealth        | |  1.5

Action                     |  1- 3 |  4- 6 || total
---------------------------+-------+-------++-------
   Fire: Shortbow          |    99 |    77 ||   176
  Evoke: Wand              |       |     1 ||     1
    Use: Scroll            |     8 |     4 ||    12
         Potion            |     1 |       ||     1
 Armour: Robe              |     6 |    17 ||    23
  Dodge: Dodged            |    25 |    44 ||    69

Table legend:
 A = Non-vault XP
 B = Vault XP
 C = Vault XP percentage of total XP
 D = Non-vault monster count
 E = Vault monster count
 F = Vault count percentage of total count
                 A         B        C        D         E       F
            +---------+---------+-------+---------+---------+-------
      Total |     347 |      72 |  17.2 |      66 |      12 |  15.4
            +---------+---------+-------+---------+---------+-------
        D:1 |      36 |       0 |   0.0 |      20 |       0 |   0.0
        D:2 |      21 |       0 |   0.0 |      12 |       0 |   0.0
        D:3 |      47 |      28 |  37.3 |      20 |      10 |  33.3
        D:4 |     218 |      44 |  16.8 |      12 |       2 |  14.3
        D:5 |      25 |       0 |   0.0 |       2 |       0 |   0.0
            +---------+---------+-------+---------+---------+-------
